 Dungeon Crawl Stone Soup version bcrawl-1.12.2 (webtiles) character file.

Game seed: 917723207514283804

16 Ebbett the Magician (level 2, -1/17 HPs)
             Began as an Octopode Wizard on July 23, 2019.
             Slain by a jackal (3 damage)
             ... on level 2 of the Dungeon.
             The game lasted 00:03:03 (604 turns).

Ebbett the Magician (Octopode Wizard)                Turns: 604, Time: 00:03:04

Health: -1/17      AC:  1    Str:  6    XL:     2   Next: 54%
Magic:  2/6        EV: 12    Int: 20    God:
Gold:   96         SH:  3    Dex: 10    Spells: 6/7 levels left

rFire    . . .     SeeInvis .   a - +0 staff
rCold    . . .     Gourm    .   g - +0 buckler
rNeg     . . .     Faith    .   b - +0 hat
rPois    .         Spirit   .   (cloak restricted)
rElec    .         Reflect  .   (no amulet)
rCorr    .         Harm     .   (no ring)
MR       .....                  (no ring)
Stlth    +++.......             (no ring)
HPRegen  0.05/turn              (no ring)
MPRegen  0.10/turn              (no ring)
                                (no ring)
                                (no ring)
                                (no ring)

@: no status effects
A: almost no armour, stealthy swim, amphibious, 8 rings, constrict 8, camouflage
1, gelatinous body 1
a: no special abilities


You were on level 2 of the Dungeon.
You were not hungry.

You visited 1 branch of the dungeon, and saw 2 of its levels.

You collected 96 gold pieces.

Inventory:

Hand Weapons
 a - a +0 staff (weapon)
Missiles
 f - 654 stones (quivered)
Armour
 b - a +0 hat (worn)
 g - a +0 buckler (worn)
 j - a +0 cloak
Scrolls
 c - 4 scrolls of identify {unknown}
 h - a scroll of immolation {unknown}
 i - a scroll of enchant armour {unknown}
Potions
 e - a potion of heal wounds {unknown}
Comestibles
 d - 5 rations {!d}
 k - 5 chunks of flesh


   Skills:
 + Level 0.2 Throwing
 + Level 2.3 Dodging
 + Level 3.0 Stealth
 + Level 3.4 Spellcasting
 + Level 1.0 Conjurations
   Level 1.0 Summonings
   Level 1.0 Translocations


You had 6 spell levels left.
You knew the following spells:

 Your Spells              Type           Power        Failure   Level  Hunger
a - Magic Dart            Conj           #...         16%         1    None

Your spell library contained the following spells:

 Spells                   Type           Power        Failure   Level  Hunger
 Slow                     Hex            #.......     22%         1    None
 Blink                    Tloc           N/A          22%         2    ##.....
 Call Imp                 Summ           #.......     22%         2    ##.....
 Conjure Flame            Conj/Fire      #.......     50%         3    ###....
 Mephitic Cloud           Conj/Pois/Air  #.......     52%         3    ###....


Dungeon Overview and Level Annotations

Branches:
Dungeon (2/12)

Altars:


Innate Abilities, Weirdness & Mutations

You cannot wear most types of armour.
You are very stealthy in the water. (Stealth+)
You are amphibious.
You can wear up to eight rings at the same time.
You can use your tentacles to constrict eight enemies at once.
Your skin changes colour to match your surroundings (Stealth+).
Your rubbery body absorbs attacks. (AC +1, EV +1)


Message History

* * * LOW HITPOINT WARNING * * *
You block the jackal's attack.
Casting: Magic Dart (safe; 16% risk of failure)
Confirm with . or Enter, or press ? or * to list all spells.
Aiming: Magic Dart (safe; 16% risk of failure)
Press: ? - help, Shift-Dir - straight line, f/p - jackal
Aim: a jackal The magic dart hits the jackal.
The jackal is moderately wounded.
The jackal bites you.
* * * LOW HITPOINT WARNING * * *
Casting: Magic Dart (safe; 16% risk of failure)
Confirm with . or Enter, or press ? or * to list all spells.
Aiming: Magic Dart (safe; 16% risk of failure)
Press: ? - help, Shift-Dir - straight line, f/p - jackal
Aim: a jackal (moderately wounded)
The magic dart hits the jackal.
You kill the jackal!
The jackal bites you.
You die...

### ## .. #.# .# #########
#.## ##.# #.......# #..##
#..# .
#.......###...####.###....
#............@hh.h........
#.......###.##....####....
#.......##.....##..# .
#.......##..######.#
###....÷#### #.#
##....##....###.#
#..#####.##..##.#
#.######>##......
#.##...÷.........


You could see 3 jackals.

Vanquished Creatures
  A giant cockroach (D:1)
  3 hobgoblins
  A jackal (D:2)
  2 kobolds (D:1)
  A quokka (D:2)
  3 bats (D:1)
  A frilled lizard (D:1)
  A goblin (D:2)
  2 rats (D:1)
15 creatures vanquished.

Notes
Turn   | Place    | Note
-------+----------+-------------------------------------------
     0 | D:1      | Ebbett the Octopode Wizard began the quest for the Orb.
     0 | D:1      | Reached XP level 1. HP: 11/11 MP: 4/4
   190 | D:1      | Reached XP level 2. HP: 10/17 MP: 3/6
   604 | D:2      | Slain by a jackal

Action                   || total
-------------------------++-------
Melee: Staff             ||     7
       Constrict         ||     2
Throw: Stone             ||    30
 Cast: Magic Dart        ||    36
Armor: Skin              ||     3
Dodge: Dodged            ||    23
Block: Buckler           ||     2
